 Dungeon Crawl Stone Soup version 0.21.0-3-g78d12a8 (webtiles) character file.

341 robertstho the Magician (level 6, -16/33 HPs)
             Began as a Deep Elf Wizard on Jan 15, 2018.
             Engulfed by a cloud of flame (25 damage)
             ... on level 4 of the Dungeon.
             The game lasted 00:19:20 (4027 turns).

robertstho the Magician (Deep Elf Wizard)           Turns: 4027, Time: 00:19:22

Health: -16/33     AC:  4    Str:  4    XL:     6   Next: 30%
Magic:  8/18       EV: 13    Int: 25    God:
Gold:   136        SH:  0    Dex: 13    Spells: 7/20 levels left

rFire    . . .     SeeInvis .   b - +3 scythe (venom)
rCold    + . .     Gourm    .   (shield currently unavailable)
rNeg     . . .     Faith    .   a - +0 robe
rPois    .         Spirit   .   t - +1 helmet
rElec    .         Reflect  .   (no cloak)
rCorr    .         Harm     .   (no gloves)
MR       .....                  (no boots)
Stlth    ++........             (no amulet)
HPRegen  0.11/turn              k - ring of protection from cold
MPRegen  0.16/turn              (no ring)

@: no status effects
A: no striking features
a: no special abilities


You were on level 4 of the Dungeon.
You were very hungry.

You visited 1 branch of the dungeon, and saw 4 of its levels.

You collected 136 gold pieces.

Inventory:

Hand Weapons
 b - a +3 scythe of venom (weapon)
 e - a +0 dagger
Missiles
 g - 12 bolts
 x - a throwing net (quivered)
Armour
 a - a +0 robe (worn)
 l - a +0 helmet
 t - a +1 helmet (worn)
Jewellery
 k - a ring of protection from cold (left hand)
Scrolls
 h - 4 scrolls of remove curse
 j - a scroll of teleportation
 m - a scroll of blinking {unknown}
 o - a scroll of amnesia {unknown}
 p - a scroll of immolation {unknown}
 r - a scroll of fear {unknown}
 v - a scroll of magic mapping {unknown}
Potions
 f - a potion of flight
 i - 2 potions of degeneration
 n - a potion of agility
 q - a potion of might {unknown}
 s - a potion of brilliance {unknown}
Books
 c - a book of Minor Magic

   Spells                             Type                      Level
   a - Magic Dart                     Conjuration                  1
   b - Blink                          Translocation                2
   c - Call Imp                       Summoning                    2
   d - Slow                           Hexes                        2
   e - Conjure Flame                  Conjuration/Fire             3
   f - Mephitic Cloud                 Conjuration/Poison/Air       3
Comestibles
 d - 4 rations


   Skills:
 + Level 0.4 Fighting
 + Level 3.0 Dodging
 - Level 2.4 Stealth
 + Level 7.6 Spellcasting
 + Level 3.9 Conjurations
 + Level 0.2 Hexes
 + Level 1.1 Summonings
 + Level 1.1 Translocations
 + Level 0.3 Fire Magic
 + Level 0.5 Air Magic
 + Level 1.0 Poison Magic


You had 7 spell levels left.
You knew the following spells:

 Your Spells              Type           Power        Failure   Level  Hunger
a - Magic Dart            Conj           ####         1%          1    None
b - Blink                 Tloc           N/A          6%          2    None
c - Call Imp              Summ           ###.....     6%          2    None
d - Slow                  Hex            ##......     9%          2    None
e - Conjure Flame         Conj/Fire      ###.....     8%          3    None
f - Mephitic Cloud        Conj/Pois/Air  ###.....     9%          3    None


Dungeon Overview and Level Annotations

Branches:
Dungeon (4/15)
 Temple: D:4-7

Altars:
Gozag
Hepliaklqana
Nemelex Xobeh

Annotations:
D:3 GoshHeckie's ghost, amateur MiMo
D:4 Edmund; Pikel


Message History

Press: ? - help, Dir - move target cursor The fire ignites!
The slave hits you. The slave hits you!
Casting: Conjure Flame
Confirm with . or Enter, or press ? or * to list all spells.
Aiming: Mephitic Cloud
Press: ? - help, Shift-Dir - straight line, f - Edmund
Aim: Edmund, wielding a dire flail of protection and wearing a chain mail The ball explodes into a vile cloud!
The stinking cloud engulfs Edmund.
The slave hits you.
* * * LOW HITPOINT WARNING * * *
The slave hits you but does no damage.
Edmund is engulfed in noxious fumes.
Edmund appears confused.
The slave barely misses you.
Casting: Mephitic Cloud
Confirm with . or Enter, or press ? or * to list all spells.
You blink.
Edmund is engulfed in blazing flames.
The slave misses you.
Casting: Blink
Confirm with . or Enter, or press ? or * to list all spells.
You blink.
You are engulfed in blazing flames.
Ouch! That really hurt!
You die...

#.................#####
#.#####...#.#.##......#
#....{.......<#.......#
#########.#.#.........#
#...............#
#.#.#.#.#.......#
#.#.#.#.#.#.##### .
..#.#.#.....
.###.#@###.###### #.
#.#.@......... .
#.#..p§K.##.
#§pp.....>..
#..p....#.#. ##......#
#.......#. #.........
#####...#.


You could see Edmund (confused), Pikel and 4 slaves.

Vanquished Creatures
  Sigmund (D:3)
  Jessica (D:3)
  Robin (D:2)
  5 adders
  2 oozes
  3 worms
  A dart slug (D:1)
  2 leopard geckos (D:2)
  7 bats
  5 giant cockroaches
  15 goblins
  12 hobgoblins
  6 jackals
  10 kobolds
  A quokka (D:2)
  A ball python (D:1)
  3 frilled lizards
  6 rats
82 creatures vanquished.

Notes
Turn   | Place    | Note
-------+----------+-------------------------------------------
     0 | D:1      | robertstho the Deep Elf Wizard began the quest for the Orb.
     0 | D:1      | Reached XP level 1. HP: 10/10 MP: 7/7
   320 | D:1      | Reached skill level 5 in Spellcasting
   320 | D:1      | Reached XP level 2. HP: 15/15 MP: 5/10
   986 | D:2      | Reached XP level 3. HP: 19/19 MP: 7/12
  1024 | D:2      | Learned a level 2 spell: Blink
  1027 | D:2      | Learned a level 2 spell: Call Imp
  1030 | D:2      | Learned a level 2 spell: Slow
  1034 | D:2      | Learned a level 3 spell: Conjure Flame
  1038 | D:2      | Learned a level 3 spell: Mephitic Cloud
  1045 | D:2      | Found a faded altar of an unknown god.
  1286 | D:2      | Noticed Robin
  1638 | D:2      | Reached skill level 6 in Spellcasting
  1645 | D:2      | Reached XP level 4. HP: 23/24 MP: 1/14
  2487 | D:2      | Killed Robin
  2675 | D:2      | Found a sparkling altar of Nemelex Xobeh.
  2676 | D:2      | Found an opulent altar of Gozag.
  3015 | D:3      | Noticed Sigmund
  3024 | D:3      | Killed Sigmund
  3024 | D:3      | Reached skill level 7 in Spellcasting
  3024 | D:3      | Reached XP level 5. HP: 18/28 MP: 3/16
  3024 | D:3      | Reached XP level 6. HP: 21/32 MP: 3/18
  3129 | D:3      | Noticed GoshHeckie's ghost (amateur MiMo)
  3177 | D:3      | Noticed Jessica
  3209 | D:3      | Reached skill level 1 in Poison Magic
  3324 | D:4      | Noticed Edmund
  3732 | D:3      | Found a hazy altar of Hepliaklqana.
  3763 | D:3      | Killed Jessica
  4019 | D:4      | Noticed a slave
  4019 | D:4      | Noticed a slave
  4019 | D:4      | Noticed a slave
  4019 | D:4      | Noticed a slave
  4024 | D:4      | Noticed Pikel
  4027 | D:4      | Engulfed by a cloud of flame

Skill      XL: |  1  2  3  4  5  6 |
---------------+-------------------+-----
Spellcasting   | 5 6 7 |  7.6
Conjurations   | 2 3 |  3.9
Dodging        | 3 |  3.0
Poison Magic   | 1 |  1.0
Fighting       | |  0.4
Stealth        | |  2.4
Hexes          | |  0.2
Summonings     | |  1.1
Translocations | |  1.1
Fire Magic     | |  0.3
Air Magic      | |  0.5

Action                   |  1- 3 |  4- 6 || total
-------------------------+-------+-------++-------
Melee: Dagger            |     4 |     4 ||     8
       Scythe            |       |     1 ||     1
 Cast: Magic Dart        |    95 |   114 ||   209
       Conjure Flame     |     2 |    13 ||    15
       Mephitic Cloud    |     1 |    13 ||    14
       Slow              |     1 |       ||     1
       Blink             |       |     7 ||     7
       Call Imp          |       |     1 ||     1
  Use: Scroll            |       |     6 ||     6
       Potion            |       |     1 ||     1
  Eat: Chunk             |     2 |     6 ||     8
Armor: Robe              |     5 |     6 ||    11
Dodge: Dodged            |    30 |    22 ||    52
